 Dungeon Crawl Stone Soup version 0.22.1-1-ga44c0e5 (webtiles) character file.

327 Monsterracer the Chiller (level 6, -3/47 HPs)
             Began as a Draconian Ice Elementalist on Oct 26, 2018.
             Slain by Pikel
             ... wielding a +0 whip of flaming
              (9 damage)
             ... on level 4 of the Dungeon.
             The game lasted 00:04:30 (4168 turns).

Monsterracer the Chiller (DrIE)                     Turns: 4168, Time: 00:04:31

Health: -3/47      AC:  6    Str: 10    XL:     6   Next: 24%
Magic:  0/11       EV: 12    Int: 18    God:
Gold:   178        SH:  0    Dex: 11    Spells: 0/12 levels left

rFire    . . .     SeeInvis .   e - +2 whip (elec)
rCold    + . .     Gourm    .   (no shield)
rNeg     . . .     Faith    .   (armour unavailable)
rPois    .         Spirit   .   (helmet restricted)
rElec    .         Reflect  .   (no cloak)
rCorr    .         Harm     .   (no gloves)
MR       .....                  (no boots)
Stlth    ++........             (no amulet)
HPRegen  0.15/turn              (no ring)
MPRegen  0.12/turn              p - ring of protection from cold {!d}

@: very slightly contaminated
A: unfitting armour, cold-blooded, AC +6
a: no special abilities


You were on level 4 of the Dungeon.
You were near starving.

You visited 1 branch of the dungeon, and saw 4 of its levels.

You collected 178 gold pieces.

Inventory:

Hand Weapons
 e - a +2 whip of electrocution (weapon)
Jewellery
 p - a ring of protection from cold (right hand) {!d}
Scrolls
 b - a scroll of blinking
Potions
 a - a potion of lignification {unknown}
 n - a potion of curing
 o - a potion of heal wounds {unknown}
 q - a potion of berserk rage {!q}
Comestibles
 c - 11 rations


   Skills:
 + Level 1.0 Fighting
   Level 0.2 Short Blades
 + Level 1.1 Maces & Flails
 + Level 2.3 Dodging
 + Level 2.3 Stealth
 + Level 3.7 Spellcasting
 + Level 1.0 Conjurations
 + Level 5.2 Ice Magic


You couldn't memorise any spells.
You knew the following spells:

 Your Spells              Type           Power        Failure   Level  Hunger
a - Freeze                Ice            ###.         1%          1    None
c - Ozocubu's Armour      Chrm/Ice       ##......     16%         3    ###....
d - Throw Icicle          Conj/Ice       ##......     38%         4    ####...
f - Summon Ice Beast      Ice/Summ       ##......     45%         4    ####...

Your spell library contained the following spells:

 Spells                   Type           Power        Failure   Level  Hunger
 Throw Frost              Conj/Ice       ##....       6%          2    ##.....


Dungeon Overview and Level Annotations

Branches:
Dungeon (4/15)
 Temple: D:4-7

Altars:
Elyvilon
Kikubaaqudgha
Yredelemnul

Annotations:
D:3 2 runed doors, PeterLawrence's ghost, amateur MiFi
D:4 Pikel


Innate Abilities, Weirdness & Mutations

Your plain brown scales are hard. (AC +6)
You cannot fit into any form of body armour.
You are cold-blooded and may be slowed by cold attacks.


Message History

You take 6 damage, and have 22/47 hp.
You now have 2/11 mp.
Casting: Freeze (safe; 1% risk of failure)
Confirm with . or Enter, or press ? or * to list all spells.
Aiming: Freeze (safe; 1% risk of failure)
Press: ? - help, Shift-Dir - straight line, f/p - Pikel
Aim: Pikel, wielding a whip of flaming and wearing a robe (lightly wounded, You freeze Pikel.
Pikel resists.
Pikel is lightly wounded.
Pikel closely misses you.
Casting: Freeze (safe; 1% risk of failure)
Confirm with . or Enter, or press ? or * to list all spells.
Aiming: Freeze (safe; 1% risk of failure)
Press: ? - help, Shift-Dir - straight line, f/p - Pikel
Aim: Pikel, wielding a whip of flaming and wearing a robe (lightly wounded, You freeze Pikel.
Pikel resists.
Pikel is moderately wounded.
Pikel closely misses you.
You now have 1/11 mp.
Casting: Freeze (safe; 1% risk of failure)
Confirm with . or Enter, or press ? or * to list all spells.
Aiming: Freeze (safe; 1% risk of failure)
Press: ? - help, Shift-Dir - straight line, f/p - Pikel
Aim: Pikel, wielding a whip of flaming and wearing a robe (moderately wounded, You freeze Pikel.
Pikel resists.
Pikel is moderately wounded.
Pikel says, "Slavery isn't that bad."
Pikel barely misses you.
You now have 0/11 mp.
You hit Pikel.
Pikel is heavily wounded.
Pikel hits you with a whip of flaming.
* * * LOW HITPOINT WARNING * * *
Pikel burns you.
* * * LOW HITPOINT WARNING * * *
The heat melts your icy armour.
You take 7 damage, and have 15/47 hp.
Unknown command.
You closely miss Pikel.
Pikel is heavily wounded.
Pikel hits you with a whip of flaming.
* * * LOW HITPOINT WARNING * * *
Pikel burns you.
* * * LOW HITPOINT WARNING * * *
The heat melts your icy armour.
You take 3 damage, and have 12/47 hp.
You hit Pikel but do no damage.
Pikel is heavily wounded.
Pikel hits you but does no damage.
Unknown command.
Unknown command.
You hit Pikel.
Pikel is severely wounded.
Pikel completely misses you.
Unknown command.
You closely miss Pikel.
Pikel is severely wounded.
Pikel hits you but does no damage.
You hit Pikel but do no damage.
Pikel is severely wounded.
Pikel barely misses you.
You hit Pikel.
Pikel is severely wounded.
Pikel hits you but does no damage.
Casting: Freeze (safe; 1% risk of failure)
Confirm with . or Enter, or press ? or * to list all spells.
Aiming: Freeze (safe; 1% risk of failure)
Press: ? - help, Shift-Dir - straight line, f/p - Pikel
Aim: Pikel, wielding a whip of flaming and wearing a robe (severely wounded, You freeze Pikel.
Pikel resists.
Pikel is almost dead.
Pikel closely misses you.
You now have 0/11 mp.
Unknown command.
You barely miss Pikel.
Your tail-slap misses Pikel.
Pikel is almost dead.
Pikel hits you with a whip of flaming!
* * * LOW HITPOINT WARNING * * *
Pikel burns you.
* * * LOW HITPOINT WARNING * * *
The heat melts your icy armour.
You take 11 damage, and have 2/47 hp.
MASSIVE DAMAGE!!
Your icy armour cracks and falls away as you move.
Casting: Freeze (safe; 1% risk of failure)
Confirm with . or Enter, or press ? or * to list all spells.
Aiming: Freeze (safe; 1% risk of failure)
Press: ? - help, Shift-Dir - straight line, f/p - Pikel
Aim: Pikel, wielding a whip of flaming and wearing a robe (almost dead, You freeze Pikel.
Pikel resists.
Pikel is almost dead.
Pikel misses you.
You now have 1/11 mp.
Casting: Freeze (safe; 1% risk of failure)
Confirm with . or Enter, or press ? or * to list all spells.
Aiming: Freeze (safe; 1% risk of failure)
Press: ? - help, Shift-Dir - straight line, f/p - Pikel
Aim: Pikel, wielding a whip of flaming and wearing a robe (almost dead, You freeze Pikel.
Pikel resists.
Pikel is almost dead.
Pikel hits you with a whip of flaming!
You die...

####### ......# ...##.#
### ######### .#.##<#
##.##### #....>...
.#.##.###...##.#####.####
..............#.@Kpp....#
.#.##.###.<.##.#####.##.#
.#.##.# ##.##### #.##.# .
.#.##.# #.# ##.##.###.#
### ......# #.#
#.........# #.. ...####
##+# #p###.##.## #.# ####
##...# #.# #.##.# #.# ##
##.....## #.###.##.# #.#
ยง## #......<# #.....##.#
#.#


You could see Pikel and 2 slaves.

Vanquished Creatures
  A slave (D:4)
  2 vampire bats (D:3)
  A bullfrog skeleton (D:4)
  Natasha (thrice) (D:2)
  An orc wizard (D:3)
  2 adders (D:3)
  An ooze (D:1)
  A worm (D:3)
  2 leopard geckos
  6 orcs (D:3)
  3 bat skeletons (D:3)
  3 bat zombies (D:3)
  A giant cockroach (D:2)
  11 goblins
  7 hobgoblins
  9 jackals
  A quokka (D:3)
  A ball python (D:3)
  6 bats
  5 frilled lizards
  11 kobolds
  9 rats
87 creatures vanquished.

Notes
Turn   | Place    | Note
-------+----------+-------------------------------------------
     0 | D:1      | Monsterracer the Draconian Ice Elementalist began the quest
                  | for the Orb.
     0 | D:1      | Reached XP level 1. HP: 14/14 MP: 3/3
   613 | D:1      | Reached XP level 2. HP: 20/20 MP: 3/5
  1342 | D:2      | Noticed Natasha
  1349 | D:2      | Killed Natasha
  1349 | D:2      | Reached XP level 3. HP: 25/26 MP: 2/6
  1355 | D:2      | Learned a level 3 spell: Ozocubu's Armour
  1434 | D:2      | Noticed Natasha
  1449 | D:2      | Killed Natasha
  1449 | D:2      | Reached skill level 4 in Ice Magic
  1449 | D:2      | Reached XP level 4. HP: 31/33 MP: 2/8
  1546 | D:2      | Noticed Natasha
  1556 | D:2      | HP: 13/33 [Natasha/magic dart (8)]
  1557 | D:2      | Killed Natasha
  1766 | D:2      | Learned a level 4 spell: Throw Icicle
  2241 | D:2      | Found a white marble altar of Elyvilon.
  2373 | D:2      | Found a basalt altar of Yredelemnul.
  2728 | D:3      | Reached XP level 5. HP: 37/39 MP: 4/9
  3198 | D:3      | Reached skill level 5 in Ice Magic
  3304 | D:3      | Found a large runed door.
  3305 | D:3      | Found a large runed door.
  3307 | D:3      | Noticed PeterLawrence's ghost (amateur MiFi)
  3856 | D:3      | Found an ancient bone altar of Kikubaaqudgha.
  3880 | D:3      | Reached skill level 1 in Maces & Flails
  3880 | D:3      | Reached XP level 6. HP: 42/46 MP: 11/11
  3886 | D:3      | Learned a level 4 spell: Summon Ice Beast
  4058 | D:4      | Reached skill level 1 in Fighting
  4111 | D:4      | Noticed a slave
  4111 | D:4      | Noticed a slave
  4115 | D:4      | Noticed Pikel
  4115 | D:4      | Noticed a slave
  4115 | D:4      | Noticed a slave
  4128 | D:4      | Killed a slave
  4135 | D:4      | HP: 22/47 [Pikel/whip of flaming (2)]
  4140 | D:4      | HP: 13/47 [Pikel/whip of flaming (2)]
  4147 | D:4      | HP: 5/47 [Pikel/whip of flaming (8)]
  4147 | D:4      | HP: 2/47 [Pikel/whip of flaming (3)]
  4168 | D:4      | Slain by Pikel

Skill      XL: |  1  2  3  4  5  6 |
---------------+-------------------+-----
Stealth        | 2 |  2.3
Ice Magic      | 4 5 |  5.2
Dodging        | 2 |  2.3
Spellcasting   | 3 |  3.7
Maces & Flails | 1 |  1.1
Fighting       | 1 |  1.0
Short Blades   | |  0.2
Conjurations   | |  1.0

Action                   |  1- 3 |  4- 6 || total
-------------------------+-------+-------++-------
Melee: Short sword       |     5 |    35 ||    40
       Tailslap          |       |     7 ||     7
       Whip              |       |    84 ||    84
 Cast: Freeze            |    29 |    76 ||   105
       Ozocubu's Armour  |       |     2 ||     2
  Use: Scroll            |       |    10 ||    10
 Stab: Sleeping          |     1 |     1 ||     2
  Eat: Chunk             |     2 |     7 ||     9
Armor: Skin              |    14 |    70 ||    84
Dodge: Dodged            |    11 |   131 ||   142

Vault maps used:
D:1:      dpeg_arrival_circle_labyrinth_c
D:2:      cheibrodos_greedy_goblins, kennysheep_ying_yang,
          kennysheep_generic_room_7, uniq_natasha
D:3:      kennysheep_vampire_church, ebering_ghost_disaster_area
D:4:      old_standard_altar, first_ration, kennysheep_okawaru_gauntlet,
          uniq_pikel
